 Dungeon Crawl Stone Soup version 0.24.0-13-gcf9b319 (webtiles) character file.

Game seed: 14772619170207272561, levelgen mode: deterministic

32 Fortress the Conjurer (level 3, -3/26 HPs)
             Began as a Draconian Conjurer on Jan 22, 2020.
             Slain by Sigmund
             ... wielding a +0 scythe
              (11 damage)
             ... on level 2 of the Dungeon.
             The game lasted 00:04:05 (1203 turns).

Fortress the Conjurer (Draconian Conjurer)          Turns: 1203, Time: 00:04:06

Health: -3/26      AC:  5    Str: 10    XL:     3   Next: 8%
Magic:  1/6        EV: 12    Int: 16    God:
Gold:   91         SH:  0    Dex: 11    Spells: 5/6 levels left

rFire    . . .     SeeInvis .   f - +0 spear
rCold    . . .     Gourm    .   (no shield)
rNeg     . . .     Faith    .   (armour unavailable)
rPois    .         Spirit   .   (helmet restricted)
rElec    .         Reflect  .   (no cloak)
rCorr    .         Harm     .   (no gloves)
MR       .....                  (no boots)
Stlth    ++........             (no amulet)
HPRegen  0.08/turn              (no ring)
MPRegen  0.10/turn              (no ring)

@: no status effects
A: unfitting armour, cold-blooded, AC +5
a: no special abilities


You were on level 2 of the Dungeon.
You were hungry.

You visited 1 branch of the dungeon, and saw 2 of its levels.

You collected 91 gold pieces.

Inventory:

Hand Weapons
 f - a +0 spear (weapon)
Missiles
 i - 13 poisoned darts (quivered)
Jewellery
 d - an uncursed amulet of rage {unknown}
Scrolls
 c - a scroll of magic mapping {unknown}
 g - 2 scrolls of identify
 h - a scroll of enchant armour {unknown}
Potions
 a - 2 potions of haste
 e - a potion of ambrosia {unknown}
Comestibles
 b - 2 rations


   Skills:
 - Level 2.0 Dodging
 - Level 2.0 Stealth
 + Level 2.2 Spellcasting
 + Level 4.6 Conjurations


You had 5 spell levels left.
You knew the following spells:

 Your Spells              Type           Power        Failure   Level  Hunger
a - Magic Dart            Conj           ###.         3%          1    #......

Your spell library contained the following spells:

 Spells                   Type           Power        Failure   Level  Hunger
 Searing Ray              Conj           ###...       4%          2    ###....
 Dazzling Spray           Conj/Hex       #.....       24%         3    ###....
 Iskenderun's Mystic Bla  Conj           ###.....     28%         4    #####..
 Force Lance              Conj/Tloc      #.......     61%         4    #####..
 Fulminant Prism          Conj/Hex       #.........   61%         4    #####..


Dungeon Overview and Level Annotations

Branches:
Dungeon (2/15)

Altars:

Annotations:
D:2 Sigmund


Innate Abilities, Weirdness & Mutations

Your plain brown scales are hard. (AC +5)
You cannot fit into any form of body armour.
You are cold-blooded and may be slowed by cold attacks.


Message History

Throwing (i - inventory)
i - 17 poisoned darts (quivered)
Press: ? - help, Shift-Dir - straight line, f/p - Sigmund
Aim: Sigmund, wielding a +0 scythe and wearing a +0 robe (heavily wounded)
You throw a poisoned dart. Sigmund closely misses you.
Throwing (i - inventory)
i - 16 poisoned darts (quivered)
Press: ? - help, Shift-Dir - straight line, f/p - Sigmund
Aim: Sigmund, wielding a +0 scythe and wearing a +0 robe (heavily wounded)
You throw a poisoned dart.
Throwing (i - inventory)
i - 15 poisoned darts (quivered)
Press: ? - help, Shift-Dir - straight line, f/p - Sigmund
Aim: Sigmund, wielding a +0 scythe and wearing a +0 robe (heavily wounded)
You throw a poisoned dart. Sigmund barely misses you.
Throwing (i - inventory)
i - 14 poisoned darts (quivered)
Press: ? - help, Shift-Dir - straight line, f/p - Sigmund
Aim: Sigmund, wielding a +0 scythe and wearing a +0 robe (heavily wounded)
You throw a poisoned dart.
You feel less confused.
You are feeling hungry.
Sigmund hits you from afar with a +0 scythe!
You die...

####### #.#.# #.#
#.#.† ..# ####.###
### ## #...†..# ..
#.##.#.# # #.
#.##.#.##### ... #@
#.##........
#...#(##(#....#####
#(....@......(#
#...#.##.#....# ...
#. #......# . #.
####.### .. #.# ##
#+#


You could see Sigmund.

Vanquished Creatures
  An adder (D:2)
  2 leopard geckos
  2 bats (D:1)
  A giant cockroach (D:1)
  A hobgoblin (D:1)
  A quokka (D:2)
  A ball python (D:1)
  2 frilled lizards
  2 goblins (D:1)
  6 kobolds
19 creatures vanquished.

Notes
Turn   | Place    | Note
-------+----------+-------------------------------------------
     0 | D:1      | Fortress the Draconian Conjurer began the quest for the
                  | Orb.
     0 | D:1      | Reached XP level 1. HP: 14/14 MP: 3/3
   472 | D:1      | Reached XP level 2. HP: 20/20 MP: 0/5
  1131 | D:2      | Reached XP level 3. HP: 26/26 MP: 1/6
  1191 | D:2      | Noticed Sigmund
  1203 | D:2      | Slain by Sigmund

Levels and vault maps discovered:
D:1:      shiori_shiawase, layout_basic, minmay_liquid_box
D:2:      layout_loops_corners, minmay_tromino_v7, uniq_terence, uniq_sigmund

Skill      XL: |  1  2 |
---------------+-------+-----
Stealth        | 2 |  2.0
Dodging        | 2 |  2.0
Spellcasting   | |  2.2
Conjurations   | |  4.6

Action                   || total
-------------------------++-------
Melee: Spear             ||    17
Throw: Dart              ||     8
 Cast: Magic Dart        ||    40
  Use: Scroll            ||     3
  Eat: Chunk             ||     1
Armor: Skin              ||     3
Dodge: Dodged            ||    10
